AoeStats
← Erickinio

Arena

507788275Analyzed
4v4 RM · 13d ago on Sep 19, 2026· 77m 3s· 8 players
Game mode
Random Map
Map size
Large (8 player)
Population
200
Speed
Normal
Resources
Standard
Victory
Conquest
Starting age
Dark Age
Ending age
Imperial Age
RankedLock teamsTeams togetherTeam positionsShared explorationLock speedFull tech treeHidden civsTurbo modeCheats
Victory
Defeat
🇰🇿 Armenians · Kazakhstan
842
+15
🇨🇱 Saracens · Chile
834
+15
🇨🇿 Teutons · Czechia
832
+15
🇦🇷 Celts · Argentina
798
+17
🇬🇧 Vikings · United Kingdom
864
-17
🇬🇧 Cumans · United Kingdom
811
-15
🇩🇪 Wei · Germany
799
-15
🇲🇽 Britons · Mexico
794
-15
PilotExpert9105
13:53 Feudal Age
14:28 Double-Bit Axe
22:59 Castle Age
22:57 Bloodlines
23:03 Light Cavalry
23:51 Scale Barding Armor
24:29 Caravan
26:43 Bow Saw
26:56 Loom
29:34 Wheelbarrow
29:17 Husbandry
29:32 Horse Collar
30:49 Heavy Plow
30:52 Gold Mining
31:25 Hand Cart
31:10 Stone Mining
33:12 Forging
33:34 Fortified Wall
36:35 Imperial Age
33:54 Treadmill Crane
34:36 Ballistics
35:58 Chain Barding Armor
37:35 Iron Casting
36:45 Hussar
38:43 Pikeman
39:24 Squires
38:47 Man-at-Arms
39:13 Gambesons
39:32 Scale Mail Armor
40:23 Conscription
40:57 Chain Mail Armor
40:21 Long Swordsman
40:47 Arson
42:12 Plate Mail Armor
43:31 Bimaristan
44:44 Chemistry
43:30 Two-Handed Swordsman
44:34 Fletching
44:19 Champion
44:28 Capped Ram
45:31 Siege Ram
48:12 Elite Mameluke
48:17 Heavy Camel Rider
50:45 Plate Barding Armor
58:40 Fervor
58:52 Sanctity
Grubik
8:55 Loom
11:13 Feudal Age
11:49 Double-Bit Axe
14:07 Horse Collar
17:52 Castle Age
19:15 Bow Saw
23:48 Heavy Plow
27:08 Gold Mining
27:09 Stone Mining
27:32 Forging
27:23 Scale Mail Armor
27:39 Caravan
31:05 Imperial Age
29:24 Iron Casting
29:13 Ballistics
28:46 Stone Mining
30:16 Arson
30:31 Squires
29:52 Pikeman
31:21 Wheelbarrow
31:14 Chain Mail Armor
31:55 Stone Shaft Mining
32:10 Crenellations
32:38 Conscription
33:38 Chemistry
33:46 Hand Cart
34:45 Blast Furnace
34:24 Plate Mail Armor
34:57 Siege Engineers
34:38 Capped Ram
36:26 Elite Teutonic Knight
37:28 Ironclad
51:37 Crop Rotation
51:23 Masonry
60:53 Two-Man Saw
60:19 Scale Barding Armor
61:52 Bloodlines
61:03 Cavalier
62:06 Paladin
BALOYAN
0:41 Loom
12:48 Feudal Age
14:05 Horse Collar
15:22 Town Watch
16:18 Double-Bit Axe
18:09 Man-at-Arms
18:35 Arson
21:53 Castle Age
19:52 Long Swordsman
21:02 Forging
20:58 Gold Mining
20:59 Stone Mining
24:12 Iron Casting
23:04 Two-Handed Swordsman
25:10 Wheelbarrow
24:39 Scale Mail Armor
25:11 Squires
24:57 Gambesons
25:09 Fletching
28:29 Heavy Plow
29:17 Bow Saw
30:50 Chain Mail Armor
35:36 Ballistics
35:13 Murder Holes
39:50 Imperial Age
39:23 Hand Cart
39:13 Champion
41:17 Plate Mail Armor
41:48 Blast Furnace
43:43 Gold Shaft Mining
43:42 Fereters
44:02 Conscription
43:42 Bodkin Arrow
47:28 Bracer
46:51 Capped Ram
48:57 Hoardings
50:47 Chemistry
50:56 Fortified Wall
52:07 Scale Barding Armor
57:27 Masonry
57:21 Town Patrol
58:28 Siege Ram
62:50 Pikeman
63:54 Onager
75:51 Caravan
Erickinio
10:48 Feudal Age
11:19 Double-Bit Axe
11:14 Man-at-Arms
20:13 Castle Age
17:59 Loom
19:43 Stone Mining
21:17 Gold Mining
23:35 Gambesons
28:12 Wheelbarrow
27:37 Long Swordsman
28:30 Forging
28:41 Horse Collar
31:26 Gold Shaft Mining
31:26 Stone Shaft Mining
34:10 Imperial Age
32:32 Murder Holes
32:41 Treadmill Crane
33:12 Caravan
34:13 Iron Casting
33:38 Scale Mail Armor
34:49 Masonry
34:45 Two-Handed Swordsman
37:27 Chemistry
37:17 Chain Mail Armor
38:27 Onager
40:10 Bow Saw
41:56 Gold Shaft Mining
41:57 Stone Shaft Mining
41:11 Town Watch
42:30 Blast Furnace
42:01 Plate Mail Armor
42:54 Siege Engineers
44:41 Hand Cart
44:27 Town Patrol
48:33 Champion
65:31 Pikeman
74:43 Fletching
74:54 Padded Archer Armor
75:06 Fortified Wall
74:50 Arson
75:50 Halberdier
76:38 Elite Skirmisher
Elsabrielle
0:28 Loom
12:56 Feudal Age
14:53 Horse Collar
15:00 Double-Bit Axe
15:10 Gold Mining
15:10 Stone Mining
25:14 Castle Age
28:15 Heavy Plow
28:53 Gold Shaft Mining
29:21 Fletching
29:58 Fortified Wall
30:09 Ballistics
30:56 Caravan
31:27 Coinage
31:12 Bodkin Arrow
35:56 Imperial Age
34:50 Wheelbarrow
34:00 Town Watch
34:39 Yeomen
33:45 Man-at-Arms
33:45 Pikeman
34:25 Squires
34:11 Arson
34:12 Gambesons
36:21 Hand Cart
36:29 Bow Saw
36:06 Elite Longbowman
36:57 Bracer
38:01 Chemistry
36:26 Long Swordsman
37:20 Forging
37:31 Two-Handed Swordsman
39:28 Iron Casting
38:54 Scale Mail Armor
38:52 Champion
39:36 Padded Archer Armor
42:19 Blast Furnace
41:35 Chain Mail Armor
47:12 Plate Mail Armor
46:59 Leather Archer Armor
47:23 Banking
47:04 Guilds
52:24 Two-Man Saw
53:55 Ring Archer Armor
70:28 Halberdier
Ana Catalina
0:46 Loom
13:51 Feudal Age
14:26 Horse Collar
15:02 Double-Bit Axe
15:40 Stone Mining
18:37 Town Watch
22:37 Castle Age
20:44 Padded Archer Armor
24:19 Fletching
24:45 Leather Archer Armor
24:52 Leather Archer Armor
34:31 Imperial Age
32:37 Fortified Wall
32:32 Tuntian
32:36 Gold Mining
33:34 Heavy Plow
34:25 Gold Shaft Mining
33:51 Bodkin Arrow
34:07 Forging
34:54 Pikeman
37:37 Thumb Ring
56:20 Chemistry
55:41 Ballistics
59:35 Parthian Tactics
70:42 Scale Mail Armor
70:47 Scale Barding Armor
pabb7
9:24 Feudal Age
10:39 Double-Bit Axe
15:50 Castle Age
19:13 Loom
21:12 Horse Collar
31:09 Imperial Age
30:06 Heavy Plow
30:48 Forging
30:52 Scale Mail Armor
32:51 Conscription
37:40 Elite Berserk
39:52 Iron Casting
39:32 Chain Mail Armor
42:31 Plate Mail Armor
43:01 Blast Furnace
48:34 Scale Barding Armor
58:40 Crop Rotation
57:34 Light Cavalry
58:01 Heavy Scorpion
60:29 Chain Barding Armor
60:48 Ballistics
75:09 Squires
74:55 Arson
cheeky_coaster
6:02 Loom
11:21 Feudal Age
17:04 Castle Age
19:32 Double-Bit Axe
19:29 Horse Collar
21:33 Stone Mining
21:59 Gold Mining
22:52 Town Watch
25:13 Padded Archer Armor
26:20 Fletching
29:15 Ballistics
28:51 Murder Holes
29:45 Wheelbarrow
30:38 Bodkin Arrow
30:58 Leather Archer Armor
30:56 Bloodlines
30:53 Scale Barding Armor
30:59 Forging
31:30 Gold Shaft Mining
30:58 Heavy Plow
32:02 Bow Saw
32:11 Steppe Husbandry
33:31 Hand Cart
39:08 Imperial Age
36:39 Town Patrol
37:05 Chain Barding Armor
37:21 Iron Casting
40:23 Conscription
39:24 Elite Kipchak
41:21 Ring Archer Armor
41:26 Plate Barding Armor
41:52 Blast Furnace
41:57 Thumb Ring
42:22 Parthian Tactics
48:02 Scale Mail Armor
48:08 Pikeman
48:49 Halberdier
53:41 Chain Mail Armor
58:56 Plate Mail Armor
62:30 Two-Man Saw
62:02 Crop Rotation
Connection lost

Rejoining the realm…

Still unreachable

The connection could not be restored.

Session expired

The server has moved on; the page needs a fresh start.